 Dungeon Crawl Stone Soup version 0.22.1-6-g1668fe2 (webtiles) character file.

2434 Fang the Cleaver (level 9, -1/82 HPs)
             Began as a Gargoyle Berserker on Jan 29, 2019.
             Was a High Priest of Trog.
             Slain by a large slime creature (21 damage)
             ... on level 6 of the Dungeon.
             The game lasted 00:07:00 (5344 turns).

Fang the Cleaver (Gargoyle Berserker)               Turns: 5344, Time: 00:07:01

Health: -1/82      AC: 17    Str: 29    XL:     9   Next: 49%
Magic:  9/9        EV:  6    Int:  8    God:    Trog [*****.]
Gold:   313        SH: 18    Dex:  9    Spells: 8/8 levels left

rFire    . . .     SeeInvis .   j - +0 war axe
rCold    + . .     Gourm    .   u - +2 large shield of the Unseen Realm {MR+}
rNeg     + . .     Faith    .   i - +0 chain mail
rPois    ∞         Spirit   .   (no helmet)
rElec    +         Reflect  .   (no cloak)
rCorr    .         Harm     .   o - +0 pair of gloves (curse)
MR       +....                  (no boots)
Stlth    ..........             (no amulet)
HPRegen  0.23/turn              v - ring of protection from cold
MPRegen  0.11/turn              (no ring)

@: berserking, very quick
A: negative energy resistance 1, electricity resistance, unbreathing,
petrification resistance, rot immunity, AC +6
a: Berserk, Trog's Hand, Brothers in Arms, Renounce Religion


You were on level 6 of the Dungeon.
You worshipped Trog.
Trog was extremely pleased with you.
You were hungry.

You visited 2 branches of the dungeon, and saw 7 of its levels.

You collected 313 gold pieces.

Inventory:

Hand Weapons
 j - a +0 war axe (weapon)
Armour
 i - a +0 chain mail (worn)
 o - a cursed +0 pair of gloves (worn)
 u - the +2 large shield of the Unseen Realm (worn) {MR+}
   (You found it on level 4 of the Dungeon)

   It affects your resistance to hostile enchantments.
Jewellery
 v - a ring of protection from cold (left hand)
Wands
 x - a wand of paralysis (6)
Scrolls
 d - a scroll of fog {unknown}
 e - a scroll of enchant weapon {unknown}
 f - 3 scrolls of remove curse {unknown}
 k - a scroll of random uselessness {unknown}
 l - 4 scrolls of identify {unknown}
 m - a scroll of amnesia {unknown}
 q - 2 scrolls of fear {unknown}
 s - a scroll of magic mapping {unknown}
 t - a scroll of enchant armour {unknown}
 w - 3 scrolls of teleportation {unknown}
Potions
 a - a potion of heal wounds {unknown}
 b - 4 potions of curing {unknown}
 g - a potion of flight {unknown}
 h - a potion of brilliance {unknown}
 n - a potion of mutation {unknown}
 p - 3 potions of resistance {unknown}
 r - a potion of berserk rage {unknown}
 z - 2 potions of cancellation {unknown}
 A - a potion of invisibility {unknown}
Comestibles
 c - 5 rations


   Skills:
 + Level 6.2 Fighting
 + Level 8.5 Axes
 + Level 5.5 Armour
 + Level 2.8 Dodging
 + Level 0.8 Stealth
 + Level 5.1 Shields


You had 8 spell levels left.
You didn't know any spells.
Your spell library was empty.

Dungeon Overview and Level Annotations

Branches:
Dungeon (6/15)             Temple (1/1) D:4

Altars:
Elyvilon
Fedhas
Nemelex Xobeh
Qazlal
Sif Muna
Yredelemnul
The Shining One

Shops:
D:5 [


Innate Abilities, Weirdness & Mutations

You are resistant to torment.
Your stone body is resilient. (AC +6)
You are immune to poison.
You resist negative energy. (rN+)
You are resistant to electric shocks. (rElec)
You can survive without breathing.
You are immune to petrification.
You are immune to rotting.


Message History

You kill the ooze!
Trog accepts your kill.
You slash the large slime creature!
Unknown command.
You slice the jelly!!
You kill the jelly!
Trog accepts your kill.
You slash the large slime creature! The large slime creature hits you.
* * * LOW HITPOINT WARNING * * *
The jelly hits you but does no damage.
Unknown command.
You slice the jelly!!
You feel the power of Trog in you as your rage grows.
You kill the jelly!
Trog accepts your kill.
You slash the large slime creature!
The large slime creature jiggles.
You block the large slime creature's attack.
The large slime creature hits you!!
You die...

## ### ### ## # #######(##..÷..|#
# #
#####....#.#.#P..÷..###########
###.##.....#.#(#......##.##......
.##.'......#'#.#.P...P##.##.####.
....'))......#†#..÷...##....###..
....(.)......#.#..÷...#####.#....
.##(##)......#.#J.....# #.#.###
.######......##'@.....# #...# #
.# ##########..÷..÷# #.#.### ##
######## #.#.... ..#####
############ # #.......# ### #
#.#####.# ##.### #.#...#.###...##
#......<##......


You could see a large slime creature.

Vanquished Creatures
  The ghost of Cetarim the Protected, an amateur MiFi of Nemelex Xobeh (D:4)
  Eustachio (D:4)
  Duvessa (D:4)
  A sky beast (D:5)
  An orc warrior (D:5)
  A phantom (D:5)
  An ogre (D:5)
  4 big kobolds
  Dowan (D:4)
  A bullfrog (D:6)
  A scorpion (D:4)
  A water moccasin skeleton (D:5)
  2 howler monkeys (D:5)
  3 crimson imps
  A quasit (D:6)
  6 jellies (D:6)
  7 orc wizards
  4 hounds
  An orc priest (D:4)
  An iguana (D:5)
  2 worker ants
  A killer bee zombie (D:5)
  A hound zombie (D:5)
  A howler monkey zombie (D:5)
  A worker ant zombie (D:5)
  Robin (D:4)
  9 adders
  A howler monkey skeleton (D:4)
  6 oozes
  3 worms (D:2)
  A dart slug (D:1)
  6 leopard geckos
  23 orcs
  A ball python (D:3)
  2 bats
  3 giant cockroaches
  15 goblins
  6 hobgoblins
  11 jackals
  5 quokkas
  3 frilled lizards
  A jackal zombie (D:5)
  9 kobolds
  3 leopard gecko skeletons
  9 rats
164 creatures vanquished.

Vanquished Creatures (others)
  13 toadstools (D:6)
13 creatures vanquished.

Grand Total: 177 creatures vanquished

Notes
Turn   | Place    | Note
-------+----------+-------------------------------------------
     0 | D:1      | Fang the Gargoyle Berserker began the quest for the Orb.
     0 | D:1      | Reached XP level 1. HP: 14/14 MP: 1/1
    86 | D:1      | Reached XP level 2. HP: 18/19 MP: 2/2
   255 | D:1      | Reached skill level 3 in Axes
   388 | D:2      | Reached XP level 3. HP: 15/24 MP: 3/3
   505 | D:2      | HP: 1/24 [worm (10)]
   794 | D:2      | Found a stormy altar of Qazlal.
   835 | D:2      | Found a sparkling altar of Nemelex Xobeh.
  1325 | D:2      | Reached ** piety under Trog
  1539 | D:2      | Reached XP level 4. HP: 14/29 MP: 4/4
  1949 | D:3      | Found a basalt altar of Yredelemnul.
  2047 | D:3      | Found a glowing golden altar of the Shining One.
  2048 | D:3      | Found a white marble altar of Elyvilon.
  2051 | D:3      | Found a deep blue altar of Sif Muna.
  2213 | D:3      | Reached skill level 4 in Axes
  2356 | D:4      | Reached XP level 5. HP: 33/33 MP: 5/5
  2376 | D:4      | Found a large runed door.
  2377 | D:4      | Found a large runed door.
  2379 | D:4      | Noticed Cetarim's ghost (amateur MiFi)
  2432 | D:4      | Noticed Duvessa
  2432 | D:4      | Noticed Dowan
  2433 | D:4      | Noticed Eustachio
  2441 | D:4      | Killed Duvessa
  2441 | D:4      | Reached XP level 6. HP: 39/39 MP: 6/6
  2453 | D:4      | Killed Dowan
  2453 | D:4      | Reached skill level 5 in Axes
  2455 | D:4      | Killed Eustachio
  2455 | D:4      | Reached XP level 7. HP: 40/44 MP: 7/7
  2732 | D:4      | Reached *** piety under Trog
  2836 | D:4      | Reached skill level 6 in Axes
  2842 | D:4      | Reached skill level 5 in Fighting
  2957 | D:4      | Found a staircase to the Ecumenical Temple.
  2984 | D:4      | Noticed Robin
  2998 | D:4      | Killed Robin
  3025 | Temple   | Entered the Ecumenical Temple
  3540 | D:4      | Killed Cetarim's ghost
  3540 | D:4      | Reached skill level 7 in Axes
  3540 | D:4      | Reached XP level 8. HP: 49/49 MP: 8/8
  3555 | D:4      | Got a slimy large shield
  3561 | D:4      | Identified the +2 large shield of the Unseen Realm {MR+}
                  | (You found it on level 4 of the Dungeon)
  3625 | D:5      | Entered Level 5 of the Dungeon
  3631 | D:5      | Found a sparkling altar of Nemelex Xobeh.
  3651 | D:5      | Reached **** piety under Trog
  3727 | D:5      | Reached skill level 1 in Shields
  3787 | D:5      | Reached skill level 5 in Armour
  4061 | D:5      | Reached skill level 8 in Axes
  4061 | D:5      | Reached XP level 9. HP: 52/55 MP: 9/9
  4600 | D:5      | Found Pesoraah's Antique Armour Shoppe.
  4945 | D:6      | Found a blossoming altar of Fedhas.
  5008 | D:6      | Reached ***** piety under Trog
  5337 | D:6      | Reached skill level 5 in Shields
  5344 | D:6      | Slain by a large slime creature

Skill      XL: |  1  2  3  4  5  6  7  8  9 |
---------------+----------------------------+-----
Axes           | 3 4 5 7 8 |  8.5
Fighting       | 4 5 6 |  6.2
Armour         | 3 4 5 |  5.5
Dodging        | 2 |  2.8
Shields        | 2 5 |  5.1
Stealth        | |  0.8

Action                   |  1- 3 |  4- 6 |  7- 9 || total
-------------------------+-------+-------+-------++-------
Melee: Hand axe          |    69 |       |       ||    69
       War axe           |    48 |   106 |   375 ||   529
Invok: Berserk           |       |     1 |     5 ||     6
 Stab: Sleeping          |     1 |       |       ||     1
  Eat: Chunk             |     2 |     3 |     8 ||    13
       Ration            |       |       |     2 ||     2
Armor: Animal skin       |    12 |       |       ||    12
       Chain mail        |    27 |    65 |   256 ||   348
Dodge: Dodged            |    69 |    62 |    98 ||   229
Block: Large shield      |       |       |   239 ||   239
